 Dungeon Crawl Stone Soup version 0.20.1-1-g8b1a95d (webtiles) character file.

38 Monsterracer the Bolt Thrower (level 3, 0/24 HPs)
             Began as a Halfling Arcane Marksman on Sept 8, 2017.
             Slain by a hobgoblin (4 damage)
             ... led by Robin
             ... on level 2 of the Dungeon.
             The game lasted 00:02:26 (1840 turns).

Monsterracer the Bolt Thrower (HaAM)                Turns: 1840, Time: 00:02:27

Health: 0/24       AC:  2    Str: 12    XL:     3   Next: 65%
Magic:  4/4        EV: 15    Int: 11    God:
Gold:   8          SH:  0    Dex: 14    Spells: 3/4 levels left

rFire    . . .     SeeInvis .   b - +0 dagger
rCold    . . .     Gourm    .   (shield restricted)
rNeg     . . .     Faith    .   e - +0 robe
rPois    .         Spirit   .   (no helmet)
rElec    .         Reflect  .   (no cloak)
rCorr    .         Harm     .   (no gloves)
MR       .....                  (no boots)
Stlth    +.........             (no amulet)
Regen    0.1/turn               (no ring)
MPRegen  0.1/turn               (no ring)

@: lethally poisoned (0 -> -9)
A: mutation resistance 1
a: no special abilities


You were on level 2 of the Dungeon.
You were not hungry.

You visited 1 branch of the dungeon, and saw 2 of its levels.

You collected 8 gold pieces.

Inventory:

Hand Weapons
 a - a +0 hand crossbow
 b - a +0 dagger (weapon)
Missiles
 d - 9 bolts
Armour
 e - a +0 robe (worn)
Scrolls
 g - 2 scrolls of remove curse {unknown}
 h - 2 scrolls of identify {unknown}
 k - a scroll of blinking {unknown}
Books
 c - a book of Debilitation

   Spells                             Type                      Level
   a - Corona                         Hexes                        1
   b - Slow                           Hexes                        2
   c - Inner Flame                    Hexes/Fire                   3
   d - Portal Projectile              Hexes/Translocation          3
   e - Cause Fear                     Hexes                        4
   f - Leda's Liquefaction            Hexes/Earth                  4
Comestibles
 f - a bread ration
 i - a meat ration


   Skills:
 - Level 1.6 Fighting
 + Level 0.0 Short Blades
 - Level 3.1 Crossbows
 - Level 2.9 Dodging
 - Level 1.0 Spellcasting
 - Level 2.4 Hexes


You had 3 spell levels left.
You knew the following spells:

 Your Spells              Type           Power        Failure   Level  Hunger
a - Corona                Hex            #......      12%         1    ##.....


Dungeon Overview and Level Annotations

Branches:
Dungeon (2/15)

Altars:

Annotations:
D:2 Robin


Innate Abilities, Weirdness & Mutations

You are small and have problems with some larger weapons.
You are somewhat resistant to further mutation.


Message History

You climb downwards.
Level annotation: Robin A hobgoblin comes into view.
It is wielding a club.
* * * LOW HITPOINT WARNING * * *
You feel sick.
The hobgoblin shouts!
The goblin hits you with a dagger.
* * * LOW HITPOINT WARNING * * *
The goblin closely misses you. The hobgoblin barely misses you.
The goblin barely misses you. x2; The hobgoblin misses you.
There is a stone staircase leading up, spattered with blood here.
Huge Dmg: -25%(-6hp) hp: 21%(5hp)
You hit the goblin.
The goblin is severely wounded.
* * * LOW HITPOINT WARNING * * *
You feel sick.
Robin roars a battlecry!
The goblins go into a battle-frenzy!
The hobgoblin hits you.
You die...

.##.............
......g.....hh.
##...g.(g......
.....##(#
#.##g##.#####
#.#.........#
.#####.#...g.....#
......ggg........#
#####g@#.##.#####
##g#.#......#
#.#.######.# #.#.#
#.#.# #.#.# #.#.#
#.#.#


You could see Robin, 2 hobgoblins and 6 goblins.

Vanquished Creatures
  An adder (D:1)
  A dart slug (D:1)
  3 bats (D:1)
  6 goblins (D:1)
  4 hobgoblins (D:1)
  3 jackals (D:2)
  A frilled lizard (D:1)
  4 kobolds (D:1)
  2 rats (D:1)
25 creatures vanquished.

Notes
Turn   | Place    | Note
-------+----------+-------------------------------------------
     0 | D:1      | Monsterracer the Halfling Arcane Marksman began the quest for the Orb.
     0 | D:1      | Reached XP level 1. HP: 12/12 MP: 2/2
    26 | D:1      | Reached skill level 1 in Fighting
   150 | D:1      | Reached XP level 2. HP: 11/18 MP: 3/3
   525 | D:1      | HP: 9/18 [hobgoblin (4)]
   528 | D:1      | HP: 3/18 [hobgoblin (4)]
  1399 | D:2      | Reached XP level 3. HP: 20/23 MP: 4/4
  1402 | D:2      | Noticed Robin
  1402 | D:2      | HP: 8/23 [adder (4)]
  1413 | D:1      | Reached skill level 3 in Crossbows
  1473 | D:1      | HP: 11/23 [hobgoblin/club (6)]
  1520 | D:1      | HP: 12/24 [goblin (1)]
  1690 | D:1      | HP: 12/24 [hobgoblin (6)]
  1836 | D:1      | HP: 12/24 [hobgoblin[Robin] (2)]
  1839 | D:2      | HP: 5/24 [goblin/dagger[Robin] (4)]
  1840 | D:2      | Slain by a hobgoblin

Skill      XL: |  1  2  3 |
---------------+----------+-----
Fighting       | 1 |  1.6
Crossbows      | 3 |  3.1
Dodging        | |  2.9
Spellcasting   | |  1.0
Hexes          | |  2.4

Action                   || total
-------------------------++-------
Melee: Club              ||     9
       Unarmed           ||     7
       Dagger            ||    65
 Fire: Hand crossbow     ||    23
  Use: Potion            ||     1
  Eat: Chunk             ||     3
Armor: Robe              ||    13
Dodge: Dodged            ||    84
